 Dungeon Crawl Stone Soup version 0.30-a0-161-gdd60e06945 (webtiles) character file.

Game seed: 15986059243018655636

84 qw the Shield-Bearer (level 4, -1/28 HPs)
             Began as a Gargoyle Fighter on Sept 27, 2022.
             Slain by Grinder (2 damage)
             ... while paralysed by Grinder
             ... on level 3 of the Dungeon.
             The game lasted 00:00:53 (1923 turns).

qw the Shield-Bearer (Gargoyle Fighter)             Turns: 1923, Time: 00:00:53

Health: -1/28      AC: 10    Str: 22    XL:     4   Next: 45%
Magic:  4/4        EV:  2    Int:  8    God:
Gold:   61         SH:  0    Dex:  9    Spells: 3/3 levels left

rFire   . . .      SeeInvis .    Y - +1 war axe
rCold   + . .      Faith    .    h - +1 tower shield {reflect}
rNeg    + . .      Spirit   .    b - +0 scale mail
rPois   inf        Reflect  +    (no helmet)
rElec   +          Harm     .    (no cloak)
rCorr   .          Rampage  .    (no gloves)
Will    .....                    (no boots)
Stlth   ..........               (no amulet)
HPRegen 0.09/turn                (no ring)
MPRegen 0.09/turn                (no ring)

@: paralysed
A: sickness immunity, AC +3, negative energy resistance 1, electricity
resistance, torment resistance 1, petrification resistance, large bone plates 1,
cold resistance 1
a: no special abilities


You were on level 3 of the Dungeon.
You visited 1 branch of the dungeon, and saw 3 of its levels.

You collected 103 gold pieces.
You spent 42 gold pieces at shops.


Innate Abilities, Weirdness & Mutations

You are immune to sickness and miasma.
Your stone body is resilient. (AC +3)
You are immune to poison.
You resist negative energy. (rN+)
You are resistant to electric shocks. (rElec)
You are resistant to unholy torment.
You are immune to petrification.
You are partially covered in large bone plates. (SH +4)
Your flesh is cold resistant. (rC+)


   Skills:
 - Level 3.2 Fighting
 - Level 3.1 Axes
 - Level 3.2 Armour
 + Level 4.6 Shields


You had 3 spell levels left.
You didn't know any spells.
Your spell library was empty.

Inventory:

Hand Weapons
 g - a +0 whip
 Y - a +1 war axe (weapon)
Armour
 b - a +0 scale mail (worn)
 h - a +1 tower shield of reflection (worn)
Scrolls
 a - a scroll of teleportation {unknown}
Potions
 d - a potion of might
 e - a potion of berserk rage {unknown}
 f - a potion of mutation
 i - a potion of attraction
 j - a potion of flight {unknown}
 l - a potion of curing
 m - a potion of brilliance {unknown}

Dungeon Overview and Level Annotations

Branches:
Dungeon (3/15)

Altars:

Shops:
D:1 =!![

Annotations:
D:3 Grinder


Message History

Grinder is severely wounded.
Grinder gestures at you. Pain shoots through your body!
You closely miss Grinder.
Grinder is severely wounded.
Grinder gestures at you. Pain shoots through your body!
Grinder gestures at you.
You suddenly lose the ability to move!
Grinder hits you but does no damage. Grinder hits you.
Grinder hits you but does no damage.
You can move again.
You hit Grinder.
Grinder is almost dead.
Grinder blinks!
You block Grinder's attack.
You barely miss Grinder.
Grinder is severely wounded.
Grinder drinks a potion.
Grinder is healed!
You block Grinder's attack.
You closely miss Grinder.
Grinder is severely wounded.
You block Grinder's attack.
You barely miss Grinder.
Grinder is severely wounded.
You block Grinder's attack. x2
You hit Grinder but do no damage.
Grinder is severely wounded.
Grinder rolls her eyes.
Grinder closely misses you. Grinder hits you.
You closely miss Grinder.
Grinder is severely wounded.
You block Grinder's attack.
You closely miss Grinder.
Grinder is severely wounded.
Grinder gestures at you.
You suddenly lose the ability to move!
Grinder says, "DUCK!"
Grinder hits you.
You writhe in agony.
You die...

###.....####.........
#.....## .......
#.....# ..... #.....#
... ##...## #'###
##.## #.#.## #.#
#..#.##
#.###########.###.##
#.##.......5@## ##.#
#......####...###.##
#..###.# ##...#.##
#..# #.# ##.#.##
##.###.# ###.......#
#.....# #########
#######


You could see Grinder.

Vanquished Creatures
  A gnoll (D:1)
  2 adders (D:2)
  An adder skeleton (D:2)
  A worm (D:2)
  A dart slug (D:2)
  2 bats (D:2)
  A bat zombie (D:2)
  5 endoplasms
  A giant cockroach (D:2)
  4 goblins
  3 hobgoblins
  6 jackals
  4 kobolds
  2 quokkas
  4 ball pythons
  A ball python zombie (D:2)
  A frilled lizard (D:2)
  A giant cockroach zombie (D:2)
  A quokka zombie (D:2)
  5 rats
47 creatures vanquished.

Notes
Turn   | Place    | Note
-------+----------+-------------------------------------------
     0 | D:1      | qw the Gargoyle Fighter began the quest for the Orb.
     0 | D:1      | Reached XP level 1. HP: 14/14 MP: 1/1
     0 | D:1      | 0 ||| qw: Version: 0.2-a-10-g37ed214
     0 | D:1      | 0 ||| qw: Game counter: 704
     0 | D:1      | 0 ||| qw: Always use a shield: true
     0 | D:1      | 0 ||| qw: God list: Okawaru
     0 | D:1      | 0 ||| qw: Allow faded altars: false
     0 | D:1      | 0 ||| qw: Do Orc after D:15 true
     0 | D:1      | 0 ||| qw: Do second Lair branch before Depths: true
     0 | D:1      | 0 ||| qw: Lair rune preference: random
     0 | D:1      | 0 ||| qw: Plans: Normal, Zot:1-4, God:TSO, Crypt, Tomb,
                  | Pan, Slime:5, Hells, Abyss, Orb
     0 | D:1      | 0 ||| PLANNING D:1-11
   243 | D:1      | Reached XP level 2. HP: 17/19 MP: 2/2
   284 | D:1      | Found Qieraf's Jewellery Shop.
   287 | D:1      | 287 ||| SHOPLISTING +4 ring of evasion (468 gold, have 41).
   287 | D:1      | 287 ||| SHOPLISTING +4 ring of slaying (1014 gold, have
                  | 41).
   287 | D:1      | 287 ||| SHOPLISTING +6 ring of dexterity (468 gold, have
                  | 41).
   287 | D:1      | 287 ||| SHOPLISTING amulet of Lies {Regen+ Int+2} (535
                  | gold, have 41).
   287 | D:1      | 287 ||| SHOPLISTING amulet of Vitality {RegenMP++ Regen++}
                  | (1300 gold, have 41).
   287 | D:1      | 287 ||| SHOPLISTING ring "Tybaot" {rF- EV+4 Str+5 Int-2
                  | SInv} (604 gold, have 41).
   287 | D:1      | 287 ||| SHOPLISTING ring of ice (325 gold, have 41).
   325 | D:1      | Found Wioczeas's Distillery.
   334 | D:1      | 334 ||| SHOPLISTING potion of cancellation (112 gold, have
                  | 41).
   334 | D:1      | 334 ||| SHOPLISTING potion of haste (140 gold, have 41).
   334 | D:1      | 334 ||| SHOPLISTING potion of lignification (42 gold, have
                  | 41).
   481 | D:1      | Reached skill level 3 in Axes
   486 | D:1      | Found Lassejicw's Antique Armour Boutique.
   490 | D:1      | 490 ||| SHOPLISTING pair of embroidered boots (210 gold,
                  | have 41).
   490 | D:1      | 490 ||| SHOPLISTING plate armour (644 gold, have 41).
   534 | D:1      | Found Mueh's Jewellery Shoppe.
   596 | D:1      | Reached XP level 3. HP: 22/23 MP: 3/3
   693 | D:1      | Found Liuv's Distillery.
   707 | D:1      | 707 ||| BUYING potion of attraction (42 gold).
   707 | D:1      | Bought a potion of attraction for 42 gold pieces
   707 | D:1      | 707 ||| SHOPLISTING potion of curing (42 gold, have 26).
   727 | D:1      | Found a faded altar of an unknown god.
   852 | D:1      | 852 ||| UPGRADING to +1 tower shield of reflection.
   862 | D:1      | 862 ||| DROPPING +0 buckler.
   863 | D:1      | 863 ||| DRINKING 2 green potions.
   863 | D:1      | Gained mutation: You are frail. (-10% HP) [potion of
                  | mutation]
   864 | D:1      | 864 ||| DRINKING potion of mutation.
   864 | D:1      | Lost mutation: You are frail. (-10% HP) [potion of
                  | mutation]
   864 | D:1      | Gained mutation: Your flesh is cold resistant. (rC+)
                  | [potion of mutation]
   864 | D:1      | Gained mutation: You are partially covered in large bone
                  | plates. (SH +4) [potion of mutation]
   920 | D:2      | 920 ||| STAIRDANCE
   948 | D:2      | 948 ||| Stepping ~*~*~tactically~*~*~ (stealth).
   998 | D:2      | 998 ||| Stepping ~*~*~tactically~*~*~ (stealth).
  1001 | D:2      | 1001 ||| Stepping ~*~*~tactically~*~*~ (stealth).
  1004 | D:2      | 1004 ||| Stepping ~*~*~tactically~*~*~ (stealth).
  1122 | D:2      | 1122 ||| Stepping ~*~*~tactically~*~*~ (hiding).
  1240 | D:2      | Reached skill level 4 in Shields
  1283 | D:2      | 1283 ||| Stepping ~*~*~tactically~*~*~ (stealth).
  1303 | D:2      | Reached XP level 4. HP: 28/28 MP: 4/4
  1306 | D:2      | 1306 ||| Stepping ~*~*~tactically~*~*~ (stealth).
  1314 | D:2      | 1314 ||| FLEEEEING.
  1315 | D:2      | 1315 ||| FLEEEEING.
  1316 | D:2      | 1316 ||| FLEEEEING.
  1317 | D:2      | 1317 ||| FLEEEEING.
  1318 | D:2      | 1318 ||| FLEEEEING.
  1319 | D:2      | 1319 ||| FLEEEEING.
  1320 | D:2      | 1320 ||| FLEEEEING.
  1321 | D:2      | 1321 ||| FLEEEEING.
  1322 | D:2      | 1322 ||| FLEEEEING.
  1323 | D:2      | 1323 ||| FLEEEEING.
  1434 | D:2      | 1434 ||| FLEEEEING.
  1444 | D:2      | 1444 ||| STAIRDANCE
  1472 | D:1      | 1472 ||| READING scroll labelled HEPOFAUBEHI.
  1473 | D:1      | 1473 ||| READING scroll labelled HUNIOXENIN.
  1806 | D:2      | 1806 ||| READING scroll labelled MEYXKI NING.
  1807 | D:2      | 1807 ||| READING scroll labelled XECIOXZEOMU.
  1808 | D:2      | 1808 ||| DRINKING 2 fizzy grey potions.
  1894 | D:3      | Noticed Grinder
  1895 | D:3      | 1895 ||| Stepping ~*~*~tactically~*~*~ (hiding).
  1899 | D:3      | 1899 ||| Stepping ~*~*~tactically~*~*~ (hiding).
  1912 | D:3      | HP: 7/28 [Grinder/nerve-wracking pain (2)]
  1912 | D:3      | Paralysed by Grinder for 4 turns
  1914 | D:3      | HP: 3/28 [Grinder (4)]
  1921 | D:3      | HP: 3/28 [Grinder (1)]
  1923 | D:3      | Paralysed by Grinder for 4 turns
  1923 | D:3      | HP: 1/28 [Grinder (2)]
  1923 | D:3      | Slain by Grinder

Levels and vault maps discovered:
D:1:      dpeg_arrival_central, layout_basic,
          hellmonk_ecumenical_altar_crossroads, serial_shops,
          nicolae_diamond_shop, shop, nicolae_shop_hallway_stairs,
          nicolae_shop_behind_doors, nicolae_shop_advertising_works
          [nicolae_subvault_shop_adworks]
D:2:      layout_basic, serial_undead, serial_undead_b, serial_undead_d,
          serial_undead_c, serial_undead_a, chequers_serial_rivers_small_b,
          patterned_corridor
D:3:      layout_loops_corners, hangedman_ru_absence, uniq_grinder, uniq_terence

Skill      XL: |  1  2  3 |
---------------+----------+-----
Axes           | 2 3 |  3.1
Shields        | 4 |  4.6
Fighting       | |  3.2
Armour         | |  3.2

Action                   |  1- 3 |  4- 6 || total
-------------------------+-------+-------++-------
Melee: War axe           |   132 |    67 ||   199
  Use: Potion            |     2 |     1 ||     3
       Scroll            |       |     4 ||     4
Armor: Scale mail        |    67 |    34 ||   101
Dodge: Dodged            |    38 |     3 ||    41
Block: Buckler           |     6 |       ||     6
       Tower shield      |    78 |    51 ||   129
       Reflection        |     1 |       ||     1

Table legend:
 A = Non-vault XP
 B = Vault XP
 C = Vault XP percentage of total XP
 D = Non-vault monster count
 E = Vault monster count
 F = Vault count percentage of total count
                 A         B        C        D         E       F
            +---------+---------+-------+---------+---------+-------
      Total |     110 |      10 |   8.3 |      42 |       5 |  10.6
            +---------+---------+-------+---------+---------+-------
        D:1 |      40 |       0 |   0.0 |      17 |       0 |   0.0
        D:2 |      69 |      10 |  12.7 |      24 |       5 |  17.2
        D:3 |       1 |       0 |   0.0 |       1 |       0 |   0.0
            +---------+---------+-------+---------+---------+-------
